 Dungeon Crawl Stone Soup version 0.21.0-30-g47ce8e4cbb (webtiles) character file.

1019 GuyWithAPlan the Destroyer (level 8, -6/41 HPs)
             Began as a Tengu Conjurer on Jan 29, 2018.
             Was an Initiate of Dithmenos.
             Mangled by an ice beast (14 damage)
             ... on level 4 of the Dungeon.
             The game lasted 00:11:39 (5146 turns).

GuyWithAPlan the Destroyer (Tengu Conjurer)         Turns: 5146, Time: 00:11:39

Health: -6/41      AC:  2    Str:  8    XL:     8   Next: 22%
Magic:  4/18       EV: 18    Int: 18    God:    Dithmenos [......]
Gold:   226        SH:  0    Dex: 15    Spells: 13/20 levels left

rFire    . . .     SeeInvis .   j - +2 dagger (venom)
rCold    . . .     Gourm    .   (no shield)
rNeg     . . .     Faith    .   a - +0 robe
rPois    .         Spirit   .   (helmet restricted)
rElec    .         Reflect  .   (no cloak)
rCorr    .         Harm     .   (no gloves)
MR       .....                  (boots unavailable)
Stlth    +++.......             (no amulet)
HPRegen  0.13/turn              p - ring of stealth
MPRegen  0.16/turn              (no ring)

@: flying quickly and evasively, quick
A: beak, talons 3, able to fly 1
a: Renounce Religion


You were on level 4 of the Dungeon.
You worshipped Dithmenos.
Dithmenos was noncommittal.
You were not hungry.

You visited 1 branch of the dungeon, and saw 5 of its levels.

You collected 226 gold pieces.

Inventory:

Hand Weapons
 e - a +0 dagger
 j - a +2 dagger of venom (weapon)
 w - a +1 hand axe of flaming
Missiles
 n - 12 tomahawks (quivered)
Armour
 a - a +0 robe (worn)
Jewellery
 p - a ring of stealth (left hand)
Wands
 x - a wand of paralysis (12)
Scrolls
 d - 3 scrolls of teleportation {unknown}
 g - 2 scrolls of amnesia {unknown}
 h - 3 scrolls of blinking {unknown}
 k - a scroll of enchant weapon {unknown}
 m - 4 scrolls of identify {unknown}
 r - 4 scrolls of remove curse {unknown}
 v - a scroll of enchant armour {unknown}
Potions
 f - a potion of might {unknown}
 i - a potion of berserk rage {unknown}
 l - a potion of invisibility {unknown}
 o - a potion of agility {unknown}
 q - 2 potions of heal wounds {unknown}
 s - a potion of mutation {unknown}
 t - 2 potions of lignification {unknown}
 u - a potion of brilliance {unknown}
 z - a potion of curing {unknown}
Books
 b - a book of Conjurations

   Spells                             Type                      Level
   a - Magic Dart                     Conjuration                  1
   b - Searing Ray                    Conjuration                  2
   c - Dazzling Spray                 Conjuration/Hexes            3
   d - Fulminant Prism                Conjuration/Hexes            4
   e - Force Lance                    Conjuration/Translocation    4
   f - Iskenderun's Mystic Blast      Conjuration                  4
Comestibles
 c - 8 rations


   Skills:
 - Level 5.0 Dodging
 - Level 2.0 Stealth
 * Level 6.6 Spellcasting
 - Level 8.0 Conjurations


You had 13 spell levels left.
You knew the following spells:

 Your Spells              Type           Power        Failure   Level  Hunger
a - Magic Dart            Conj           ####         1%          1    None
b - Searing Ray           Conj           ####..       1%          2    None
c - Iskenderun's Mystic   Conj           ####....     4%          4    ####...


Dungeon Overview and Level Annotations

Branches:
Dungeon (5/15)
 Temple: D:4-7

Altars:
Ashenzari
Dithmenos
Hepliaklqana
Makhleb
Nemelex Xobeh
Sif Muna
Wu Jian


Innate Abilities, Weirdness & Mutations

You have a beak for a mouth.
You have claws for feet.
You can fly.


Message History

You kill the orc!
Dithmenos accepts your kill.
Casting: Iskenderun's Mystic Blast
Confirm with . or Enter, or press ? or * to list all spells.
Aiming: Searing Ray
Press: ? - help, Shift-Dir - straight line, f/p - ice beast
Aim: an ice beast (lightly wounded)
The searing ray hits the ice beast.
The ice beast is moderately wounded. (Press . to maintain the ray.)
The ice beast hits you but does no damage.
The searing ray misses the ice beast.
The ice beast hits you. The ice beast freezes you!
* * * LOW HITPOINT WARNING * * *
The searing ray hits the ice beast.
The ice beast is moderately wounded.
The ice beast hits you.
* * * LOW HITPOINT WARNING * * *
The ice beast freezes you!
You die...

###.# #.'..#...._#.####......#.#
.##5###.##.#_...##.#..#..##.##.#
W5.))5)..#.###.##..#..#..##.##.#
.##.######.###.#####..#.....##.#
.##.# #..#..# #...........#
.##.# ##...## ####.#.########
.##.########.## #..).#.#....#
.##........#_#####.####.#.##.#
##############..@Y.# #.#.##.#
...........# #####.# #.#.##.#
##########.# #########.#..#.#
#...# #...[...#.####.# ######
#.#.####.#####.#......# (....#
#.#....#.# #.######## .....#
#.######<# #.# .....# #........#
#.# .....################.#


You could see an ice beast.

Vanquished Creatures
  Eustachio (D:5)
  A sky beast (D:5)
  A centaur (D:5)
  2 ogres
  The ghost of moonlyer the Magician, an amateur DEWz of Vehumet (D:4)
  A scorpion (D:4)
  A hound (D:4)
  3 orc priests
  A bullfrog skeleton (D:5)
  An orc wizard (D:5)
  4 worker ants
  A hound skeleton (D:4)
  6 adders
  A shadow imp (D:5)
  An adder skeleton (D:4)
  A worm (D:2)
  A dart slug (D:1)
  3 leopard geckos
  8 orcs
  5 bats
  3 giant cockroaches
  6 goblins
  6 hobgoblins
  8 jackals (D:3)
  11 kobolds
  2 quokkas
  6 frilled lizards
  A jackal skeleton (D:4)
  4 rats
91 creatures vanquished.

Vanquished Creatures (others)
  5 toadstools (D:1)
5 creatures vanquished.

Grand Total: 96 creatures vanquished

Notes
Turn   | Place    | Note
-------+----------+-------------------------------------------
     0 | D:1      | GuyWithAPlan the Tengu Conjurer began the quest for the Orb.
     0 | D:1      | Reached XP level 1. HP: 10/10 MP: 4/4
   372 | D:1      | Reached XP level 2. HP: 15/15 MP: 3/6
   506 | D:1      | Reached skill level 6 in Conjurations
  1261 | D:2      | Reached XP level 3. HP: 19/19 MP: 0/7
  1271 | D:2      | Found a deep blue altar of Sif Muna.
  1822 | D:3      | Found a faded altar of an unknown god.
  2054 | D:3      | Reached XP level 4. HP: 23/24 MP: 2/8
  2072 | D:3      | Reached skill level 7 in Conjurations
  2763 | D:4      | Noticed moonlyer's ghost (amateur DEWz)
  2788 | D:4      | Learned a level 2 spell: Searing Ray
  2793 | D:4      | Learned a level 4 spell: Iskenderun's Mystic Blast
  2837 | D:4      | Reached skill level 8 in Conjurations
  2837 | D:4      | Gained mutation: You can fly. [Tengu growth]
  2837 | D:4      | Reached XP level 5. HP: 28/28 MP: 4/9
  2971 | D:4      | Found a faded altar of an unknown god.
  2971 | D:4      | Found a shadowy altar of Dithmenos.
  2976 | D:4      | Found a sparkling altar of Nemelex Xobeh.
  2978 | D:4      | Found an ornate altar of the Wu Jian Council.
  2979 | D:4      | Found a hazy altar of Hepliaklqana.
  3013 | D:4      | Became a worshipper of Dithmenos the Shadowed
  3256 | D:4      | Reached XP level 6. HP: 32/32 MP: 5/10
  3396 | D:4      | Reached skill level 5 in Dodging
  3629 | D:4      | Found a burning altar of Makhleb.
  3839 | D:4      | Killed moonlyer's ghost
  3839 | D:4      | Reached XP level 7. HP: 32/36 MP: 2/13
  3918 | D:5      | Entered Level 5 of the Dungeon
  4217 | D:5      | Found a sparkling altar of Nemelex Xobeh.
  4300 | D:5      | Reached skill level 5 in Spellcasting
  4468 | D:5      | Found a shattered altar of Ashenzari.
  4474 | D:5      | Noticed Eustachio
  4543 | D:5      | Killed Eustachio
  4543 | D:5      | Reached XP level 8. HP: 41/41 MP: 1/18
  5146 | D:4      | Mangled by an ice beast

Skill      XL: |  1  2  3  4  5  6  7 |
---------------+----------------------+-----
Conjurations   | 6 8 |  8.0
Dodging        | 3 4 5 |  5.0
Spellcasting   | 3 6 |  6.6
Stealth        | |  2.0

Action                   |  1- 3 |  4- 6 |  7- 9 || total
-------------------------+-------+-------+-------++-------
Melee: Dagger            |     2 |    13 |     6 ||    21
       Kick              |       |     2 |     1 ||     3
       Peck              |       |       |     1 ||     1
 Cast: Magic Dart        |    83 |    85 |    47 ||   215
       Searing Ray       |       |     6 |     6 ||    12
       Iskenderun's Myst |       |     2 |    10 ||    12
 Abil: Fly               |       |     1 |     3 ||     4
  Eat: Chunk             |     4 |     8 |     6 ||    18
Armor: Robe              |     6 |     2 |     1 ||     9
Dodge: Dodged            |    14 |    20 |    28 ||    62
